 Dungeon Crawl Stone Soup version 0.29.0-13-gc9e81de378 (webtiles) character file.

Game seed: 11216571203182201816

303 sanka the Zephyrmancer (level 6, -2/32 HPs)
             Began as a Tengu Air Elementalist on Sept 10, 2022.
             Slain by a shadow (34 damage)
             ... on level 6 of the Dungeon.
             The game lasted 00:03:55 (3489 turns).

sanka the Zephyrmancer (Tengu Air Elementalist)     Turns: 3489, Time: 00:03:55

Health: -2/32      AC:  3    Str:  8    XL:     6   Next: 38%
Magic:  6/10       EV: 14    Int: 18    God:
Gold:   274        SH:  0    Dex: 14    Spells: 3/9 levels left

rFire   . . .      SeeInvis .   n - +1 short sword (drain)
rCold   . . .      Faith    .   (no shield)
rNeg    + . .      Spirit   .   a - +0 robe
rPois   .          Reflect  .   (helmet restricted)
rElec   .          Harm     .   (no cloak)
rCorr   .          Rampage  .   p - +0 pair of gloves
Will    .....                   (boots unavailable)
Stlth   ++........              (no amulet)
HPRegen 0.10/turn               (no ring)
MPRegen 0.12/turn               d - ring of positive energy

@: flying quickly and evasively, quick
A: beak, talons 3, nimble flight
a: no special abilities


You were on level 6 of the Dungeon.
You visited 1 branch of the dungeon, and saw 4 of its levels.

You collected 274 gold pieces.


Innate Abilities, Weirdness & Mutations

You have a beak for a mouth.
You have claws for feet.
Your magical nature lets you fly swiftly and evasively.


   Skills:
 - Level 2.1 Dodging
 - Level 2.0 Stealth
 + Level 2.0 Spellcasting
 - Level 1.3 Conjurations
 + Level 9.2 Air Magic


You had 3 spell levels left.
You knew the following spells:

 Your Spells              Type           Power      Damage    Failure   Level
s - Swiftness             Air            34%        N/A       1%          3
z - Shock                 Conj/Air       80%        1d8       1%          1
Z - Static Discharge      Conj/Air       20%        3-6/arc   3%          2

Your spell library contained the following spells:

 Spells                   Type           Power      Damage    Failure   Level
 Airstrike                Air            17%        2d(3-19)  4%          4

Inventory:

Hand Weapons
 n - a +1 short sword of draining (weapon)
Armour
 a - a +0 robe (worn)
 p - a +0 pair of gloves (worn)
Jewellery
 d - a ring of positive energy (right hand)
 k - a ring of magical power
Scrolls
 e - 3 scrolls of amnesia {unknown}
 g - a scroll of poison {unknown}
 i - 3 scrolls of identify {unknown}
 l - 2 scrolls of summoning {unknown}
 o - a scroll of enchant weapon {unknown}
 q - a scroll of vulnerability {unknown}
Potions
 b - a potion of magic
 c - 3 potions of haste {unknown}
 f - a potion of curing {unknown}
 h - 2 potions of mutation {unknown}
 j - a potion of attraction {unknown}
 m - a potion of heal wounds {unknown}
 r - a potion of brilliance {unknown}

Dungeon Overview and Level Annotations

Branches:
Dungeon (3/15)

Altars:
Ru

Shops:
D:6

= ▒.▒▒▒▒▒▒▒.▒.▒ ▒.▒ ▒.▒.▒
▒▒.▒▒▒▒▒ ▒.▒.▒
▒......▒▒▒....
▒..▒▒▒........
▒......∩......
▒▒▒▒▒.▒▒▒▒▒▒▒▒▒▒.▒ ▒...)...▒
▒.▒ ▒ ▒Q▒▒▒.▒.▒ ▒.▒ ▒.
▒{▒.....▒ ▒▒+▒ ▒. ▒.▒.▒.▒.▒
▒▒... ▒.▒ ▒.▒...▒.▒ ▒▒.... ▒
▒.. ▒.▒.▒▒..▒ ▒▒.....
▒...▒▒.▒▒▒▒.......▒▒▒▒......
.....................'......
▒...▒▒.▒▒▒▒▒▒.▒...▒▒▒▒......
▒ ▒. ▒.▒▒.▒.▒▒▒▒.....


There were no monsters in sight!


Message History

Found 9 gold pieces.
You now have 274 gold pieces (gained 9).
Found a bubbling grey potion.
r - a bubbling grey potion You reach down and open the door.
There is an open door here.
You reach down and open the door.
There is an open door here.
A shadow comes into view.
Found a stone staircase leading up.
The zap hits the shadow.
The shadow is moderately damaged.
The zap misses the shadow.
Aiming: Shock (safe; 1% risk of failure)
The zap hits the shadow but does no damage.
The shadow is moderately damaged.
The zap hits the shadow.
The shadow is heavily damaged.
Aiming: Shock (safe; 1% risk of failure)
The zap misses the shadow.
The zap misses the shadow.
The shadow slips into darkness.
The shadow flickers and vanishes!
Deactivating autopickup; reactivate with Ctrl-A.
Unknown command.
Aiming: Shock (safe; 1% risk of failure)
The zap hits something.
The shadow strikes at you from the darkness!
Ouch! That really hurt!
You die...

Action                   |  1- 3 |  4- 6 || total
-------------------------+-------+-------++-------
Melee: Unarmed           |     4 |       ||     4
       Kick              |     1 |       ||     1
       Peck              |     1 |       ||     1
 Cast: Shock             |    77 |    40 ||   117
       Static Discharge  |       |     2 ||     2
Armor: Robe              |     1 |     1 ||     2
Dodge: Dodged            |     5 |     6 ||    11

Levels and vault maps discovered:
D:1:      co_arrival_random_square_maze, layout_basic,
          hellmonk_ecumenical_altar_run_dry, corner_web_ring, skrybe_limestone_x
D:2:      layout_loops_ring, amcnicky_mini_corridor_feature
D:3:      layout_basic, mainiacjoe_overflow_paths,
          mainiacjoe_overflow_large_starburst, uniq_jessica
D:6:      layout_loops_corners, serial_shops, shop

Notes
Turn   | Place    | Note
-------+----------+-------------------------------------------
     0 | D:1      | sanka the Tengu Air Elementalist began the quest for the
                  | Orb.
     0 | D:1      | Reached XP level 1. HP: 10/10 MP: 4/4
   350 | D:1      | Reached XP level 2. HP: 15/15 MP: 4/6
   369 | D:1      | Found a faded altar of an unknown god.
   378 | D:1      | Learned a level 2 spell: Static Discharge
   678 | D:1      | Reached skill level 5 in Air Magic
  1626 | D:2      | Reached XP level 3. HP: 12/19 MP: 1/7
  2559 | D:3      | Noticed Jessica
  2564 | D:3      | Killed Jessica
  2565 | D:3      | Reached skill level 6 in Air Magic
  2565 | D:3      | Reached XP level 4. HP: 18/24 MP: 2/8
  2800 | D:3      | Found a sacrificial altar of Ru.
  2868 | D:6      | Reached skill level 7 in Air Magic
  2931 | D:6      | Found Kutyomm's Jewellery Shop.
  2935 | D:6      | Noticed a phantom
  2964 | D:6      | Killed a phantom
  2965 | D:6      | Reached skill level 8 in Air Magic
  2965 | D:6      | Gained mutation: Your magical nature lets you fly swiftly
                  | and evasively. [Tengu growth]
  2965 | D:6      | Reached XP level 5. HP: 23/28 MP: 0/9
  3049 | D:6      | Reached XP level 6. HP: 23/32 MP: 2/10
  3209 | D:6      | Reached skill level 9 in Air Magic
  3310 | D:6      | Learned a level 3 spell: Swiftness
  3475 | D:6      | Noticed a shadow
  3489 | D:6      | Slain by a shadow

Vanquished Creatures
  A phantom (D:6)
  A necrophage (D:6)
  2 jellies (D:6)
  Jessica (D:3)
  An iguana (D:6)
  An adder (D:6)
  A worm (D:2)
  A dart slug (D:2)
  An orc (D:3)
  2 ball pythons
  2 endoplasms
  2 giant cockroaches (D:1)
  3 goblins
  3 hobgoblins (D:1)
  9 kobolds
  4 bats
  5 frilled lizards
  3 rats
43 creatures vanquished.
